 Dungeon Crawl Stone Soup version 0.20.0-15-g7f486f2 (webtiles) character file.

2797 sagitran the Cudgeler (level 9, -7/67 HPs)
             Began as a Demonspawn Wanderer on June 10, 2017.
             Was a Believer of Yredelemnul.
             Mangled by a yak (11 damage)
             ... on level 9 of the Dungeon.
             The game lasted 02:32:12 (6032 turns).

sagitran the Cudgeler (Demonspawn Wanderer)         Turns: 6032, Time: 02:32:13

Health: -7/67      AC: 12    Str: 22    XL:     9   Next: 43%
Magic:  11/11      EV: 24    Int: 12    God:    Yredelemnul [**....]
Gold:   286        SH:  0    Dex: 17    Spells: 8/8 levels left

rFire    + + .     SeeInvis +   z - +0 dire flail
rCold    . . .     Gourm    .   (shield currently unavailable)
rNeg     . . .     Faith    .   t - +0 troll leather armour
rPois    .         Spirit   .   (helmet restricted)
rElec    +         Reflect  .   (no cloak)
rCorr    +         Harm     .   (no gloves)
MR       +....                  F - +4 pair of boots of the Hall of Blades {+Blink rF++ rCorr Str+2}
Stlth    +++.......             y - amulet of the Air {Inacc +Fly rElec EV+5 RMsl}
Regen    0.7/turn               C - ring of see invisible
MPRegen  0.2/turn               p - ring of protection from magic

@: agile, studying Evocations, repel missiles
A: horns 2, iridescent scales 1, demonic guardian 1, electricity resistance,
strong 1
a: Animate Remains, Recall Undead Slaves, Injury Mirror, Renounce Religion,
Evoke Blink, Evoke Flight


You were on level 9 of the Dungeon.
You worshipped Yredelemnul.
Yredelemnul was pleased with you.
You were not hungry.

You visited 2 branches of the dungeon, and saw 9 of its levels.

You collected 286 gold pieces.

Inventory:

Hand Weapons
 a - a +3 mace
 b - a +0 shortbow
 z - a +0 dire flail (weapon)
Missiles
 c - 147 arrows
 e - 3 silver tomahawks
 s - 5 tomahawks (quivered)
Armour
 h - a +4 plate armour of cold resistance
 t - a +0 troll leather armour (worn)
 F - the +4 pair of boots of the Hall of Blades (worn) {+Blink rF++ rCorr Str+2}
   (You found it on level 9 of the Dungeon)

   It affects your strength (+2).
   It greatly protects you from fire.
   It lets you blink.
   It protects you from acid and corrosion.
Jewellery
 p - a ring of protection from magic (right hand)
 r - an uncursed amulet of the gourmand
 y - the amulet of the Air (around neck) {Inacc +Fly rElec EV+5 RMsl}
   (You found it on level 6 of the Dungeon)

   [amulet of inaccuracy]

   It reduces the accuracy of all your attacks.
   It affects your evasion (+5).
   It insulates you from electricity.
   It lets you fly.
   It protects you from missiles.
 C - a ring of see invisible (left hand)
Wands
 j - a wand of random effects (21/48)
 m - a wand of flame (38/48)
 x - a wand of polymorph (8/24)
 B - a wand of acid (9/15)
Scrolls
 d - 2 scrolls of teleportation
 u - a scroll of immolation
 v - a scroll of remove curse
Potions
 l - a potion of resistance
 o - 2 potions of flight
 q - 2 potions of cancellation
 A - a potion of might {unknown}
 D - a potion of lignification
Books
 g - a manual of Evocations
Comestibles
 f - a bread ration
 i - 5 royal jellies
 k - 5 meat rations
 n - a fruit


   Skills:
 + Level 4.8 Fighting
   Level 0.8 Short Blades
   Level 1.0(4.5) Axes
 + Level 7.2 Maces & Flails
 + Level 2.5 Bows
 + Level 0.8 Throwing
 + Level 5.9 Armour
 + Level 4.4 Dodging
 + Level 3.0 Stealth
 + Level 3.6 Invocations
 + Level 2.5 Evocations


You had 8 spell levels left.
You didn't know any spells.

Dungeon Overview and Level Annotations

Branches:
Dungeon (9/15)             Temple (1/1) D:6             Orc (0/2) D:9
   Lair: D:8-11

Altars:
Ashenzari
Cheibriados
Dithmenos
Elyvilon
Fedhas
Gozag
Hepliaklqana
Kikubaaqudgha
Makhleb
Nemelex Xobeh
Okawaru
Qazlal
Ru
Sif Muna
Trog
Uskayaw
Vehumet
Xom
Yredelemnul
Zin
The Shining One

Shops:
D:5 [


Innate Abilities, Weirdness & Mutations

You have a pair of horns on your head.
You are partially covered in iridescent scales. (AC +2)
A weak demonic guardian rushes to your aid.
You are resistant to electric shocks. (rElec)
Your muscles are strong. (Str +2)


Message History

Your shadow imp barely misses the yak.
The yak closely misses you. The yak misses you.
Your white imp barely misses the yak.
Your centaur zombie hits the yak.
You closely miss the dream sheep.
Your shadow imp hits the yak but does no damage.
Your centaur zombie hits the yak.
The yak gores you!
* * * LOW HITPOINT WARNING * * *
The dream sheep bites you!
* * * LOW HITPOINT WARNING * * *
Your white imp hits the yak but does no damage.
The yak gores you.
* * * LOW HITPOINT WARNING * * *
Okay, then.
Unknown command.
You feel agile all of a sudden.
Your centaur zombie hits the yak.
Your shadow imp splashes around in the water.
The yak gores you!
You die...
Your body rises from the dead as a mindless zombie.

.#######...................###
#[.........)........#
###...................###
..........................
#........=....#######......
#...#####.##### #.#####
#<..#PP≈.≈Z5.# #.#
.....#P≈...5Y.# #.# ....
#≈≈P..@†.# ... #P≈≈%YPY.# ..#
#.≈P...%5# ...# #+###'''##
#..... +...%%# #######


You could see 2 yaks, a dream sheep, 2 friendly white imps, a friendly shadow
imp and a friendly centaur zombie.

Vanquished Creatures
  Grinder (D:4)
  Sigmund (D:2)
  An orc warrior (D:9)
  A water moccasin (D:7)
  An ice beast (D:5)
  A swamp drake (D:9)
  A sky beast (D:7)
  2 phantoms
  An ogre (D:9)
  3 centaurs
  A big kobold (D:9)
  A bullfrog (D:6)
  2 scorpions
  A vampire bat (D:6)
  A crimson imp (D:6)
  A bullfrog zombie (D:7)
  6 orc wizards
  A gnoll shaman (D:4)
  2 orc priests
  An iguana (D:4)
  A jelly (D:7)
  Ijyb (D:4)
  Jessica (D:2)
  4 worker ants
  A hound skeleton (D:5)
  A worker ant zombie (D:6)
  9 adders
  6 gnolls
  3 shadow imps (D:5)
  3 worms
  3 dart slugs
  5 leopard geckos
  23 orcs
  10 bats
  2 bat skeletons (D:6)
  2 bat zombies (D:6)
  A giant cockroach (D:4)
  4 goblins
  5 hobgoblins
  4 jackals (D:2)
  A ball python (D:7)
  4 frilled lizards
  7 kobolds
  6 rats
137 creatures vanquished.

Vanquished Creatures (collateral kills)
  A troll (D:9)
  A dream sheep (D:9)
  An orc warrior (D:9)
  A big kobold (D:9)
  A bullfrog (D:6)
  2 vampire bats (D:6)
  A crimson imp (D:6)
  3 orc priests
  2 iguanas
  3 orc wizards
  A bullfrog skeleton (D:6)
  A worker ant (D:5)
  4 gnolls (D:9)
  An adder (D:4)
  9 orcs
  A bat skeleton (D:6)
  A giant cockroach (D:6)
34 creatures vanquished.

Vanquished Creatures (others)
  A troll zombie (D:9)
  An orc priest (D:9)
  A swamp drake zombie (D:9)
  An adder zombie (D:7)
  2 orcs (D:9)
  2 gnoll zombies (D:9)
  A leopard gecko zombie (D:6)
  7 orc zombies (D:9)
16 creatures vanquished.

Grand Total: 187 creatures vanquished

Notes
Turn   | Place    | Note
-------+----------+-------------------------------------------
     0 | D:1      | sagitran the Demonspawn Wanderer began the quest for the Orb.
     0 | D:1      | sagitran set off with: a +2 mace, a +0 shortbow, 24 arrows, a scroll of teleportation, a +0 robe, a bread ration
     0 | D:1      | Reached XP level 1. HP: 15/15 MP: 2/2
    58 | D:1      | Reached skill level 2 in Maces & Flails
   121 | D:1      | Gained mutation: You are partially covered in iridescent scales. (AC +2) [demonic ancestry]
   121 | D:1      | Reached XP level 2. HP: 7/21 MP: 3/3
   743 | D:2      | Gained mutation: A weak demonic guardian rushes to your aid. [demonic ancestry]
   743 | D:2      | Reached XP level 3. HP: 25/26 MP: 4/4
   814 | D:2      | Noticed Jessica
   825 | D:2      | Killed Jessica
  1070 | D:2      | Noticed Sigmund
  1090 | D:2      | Killed Sigmund
  1090 | D:2      | Reached skill level 3 in Maces & Flails
  1090 | D:2      | Reached skill level 1 in Dodging
  1090 | D:2      | Reached XP level 4. HP: 22/33 MP: 5/5
  1090 | D:2      | Reached XP level 5. HP: 26/38 MP: 6/6
  1152 | D:2      | Found a bloodstained altar of Trog.
  1388 | D:3      | Reached skill level 4 in Maces & Flails
  1459 | D:3      | Reached skill level 1 in Bows
  1591 | D:3      | Reached XP level 6. HP: 41/44 MP: 7/7
  1973 | D:4      | Noticed Ijyb
  2007 | D:4      | Killed Ijyb
  2126 | D:4      | Noticed Grinder
  2147 | D:4      | Killed Grinder
  2147 | D:4      | Gained mutation: You have a pair of small horns on your head. [demonic ancestry]
  2147 | D:4      | Reached XP level 7. HP: 46/51 MP: 8/8
  2519 | D:4      | Reached skill level 5 in Maces & Flails
  2614 | D:4      | Found a shimmering altar of Xom.
  2614 | D:4      | Found a shimmering altar of Xom.
  2624 | D:4      | Found a shimmering altar of Xom.
  2625 | D:4      | Found a shimmering altar of Xom.
  2791 | D:4      | You fall through a shaft for 2 floors!
  2791 | D:6      | Found a staircase to the Ecumenical Temple.
  2800 | Temple   | Entered the Ecumenical Temple
  2843 | Temple   | Became a worshipper of Yredelemnul the Dark
  2924 | D:5      | Entered Level 5 of the Dungeon
  2959 | D:5      | Reached skill level 1 in Stealth
  3012 | D:5      | Gained mutation: Your muscles are strong. (Str +2) [potion of mutation]
  3012 | D:5      | Gained mutation: You are resistant to electric shocks. (rElec) [potion of mutation]
  3259 | D:5      | Found Inyat's Armour Emporium.
  3472 | D:5      | Reached skill level 5 in Armour
  3523 | D:5      | Gained mutation: You have a pair of horns on your head. [demonic ancestry]
  3523 | D:5      | Reached XP level 8. HP: 59/59 MP: 9/9
  3564 | D:5      | Reached * piety under Yredelemnul
  3574 | D:5      | Found an opulent altar of Gozag.
  4119 | D:6      | Reached skill level 6 in Maces & Flails
  4240 | D:6      | Found a snail-covered altar of Cheibriados.
  4301 | D:6      | Found a shattered altar of Ashenzari.
  4545 | D:6      | Found an ancient bone altar of Kikubaaqudgha.
  5016 | D:7      | Found an iron altar of Okawaru.
  5238 | D:7      | You fall through a shaft for 2 floors!
  5238 | D:9      | Found a staircase to the Orcish Mines.
  5250 | D:9      | Reached ** piety under Yredelemnul
  5262 | D:9      | Reached skill level 1 in Invocations
  5262 | D:9      | Reached XP level 9. HP: 28/65 MP: 10/10
  5327 | D:9      | Reached skill level 7 in Maces & Flails
  5424 | D:9      | Noticed a troll
  5435 | D:9      | HP: 3/66 [troll (2)]
  5438 | D:9      | Killed a troll
  5546 | D:9      | Found a burning altar of Makhleb.
  5548 | D:9      | Found a glowing silver altar of Zin.
  5548 | D:9      | Noticed an angel
  5640 | D:9      | Noticed a cacodemon
  5702 | D:9      | Found a sparkling altar of Nemelex Xobeh.
  5820 | D:9      | Identified a scroll of acquirement
  5974 | D:9      | Got a pair of encrusted boots
  5985 | D:9      | Identified the +4 pair of boots of the Hall of Blades {+Blink rF++ rCorr Str+2} (You found it on level 9 of the Dungeon)
  6031 | D:9      | HP: 3/67 [yak (1)]
  6032 | D:9      | Mangled by a yak

Skill      XL: |  1  2  3  4  5  6  7  8  9 |
---------------+----------------------------+-----
Maces & Flails | 2 3 4 5 6 7 |  7.2
Armour         | 4 5 |  5.9
Fighting       | 2 3 4 |  4.8
Dodging        | 1 2 3 4 |  4.4
Bows           | 1 2 |  2.5
Stealth        | 1 2 3 |  3.0
Invocations    | 1 3 |  3.6
Short Blades   | |  0.8
Axes           | |  1.0
Throwing       | |  0.8
Evocations     | |  2.5

Action                   |  1- 3 |  4- 6 |  7- 9 || total
-------------------------+-------+-------+-------++-------
Melee: Mace              |    97 |   128 |   384 ||   609
       Dagger            |     4 |       |       ||     4
       Headbutt          |       |       |    58 ||    58
       Dire flail        |       |       |    34 ||    34
 Fire: Shortbow          |     5 |    15 |    16 ||    36
Throw: Tomahawk          |       |       |    17 ||    17
       Throwing net      |       |       |     1 ||     1
Invok: Animate Remains   |       |       |    19 ||    19
Evoke: Wand              |       |    10 |     1 ||    11
  Use: Scroll            |    10 |     3 |    21 ||    34
       Potion            |     3 |     1 |    11 ||    15
 Stab: Distracted        |       |     1 |     5 ||     6
       Confused          |       |       |     2 ||     2
       Held in net/web   |       |       |     1 ||     1
  Eat: Bread ration      |     1 |       |     1 ||     2
       Chunk             |       |    14 |     7 ||    21
Armor: Robe              |     8 |       |       ||     8
       Ring mail         |    39 |    69 |   193 ||   301
       Skin              |       |       |    46 ||    46
       Chain mail        |       |       |     5 ||     5
       Troll leather arm |       |       |    13 ||    13
       Plate armour      |       |       |     6 ||     6
Dodge: Dodged            |    56 |    64 |   350 ||   470
       Deflected         |       |       |     4 ||     4
